 Dungeon Crawl Stone Soup version 0.23-a0-171-g5ae17c6 (webtiles) character file.

1744980 SFR the End of an Era (level 27, 245/287 HPs)
             Began as a Demonspawn Monk on Sept 13, 2018.
             Was the Champion of Qazlal.
             Escaped with the Orb
             ... and 3 runes on Sept 14, 2018!
             The game lasted 05:38:55 (66687 turns).

SFR the End of an Era (Demonspawn Monk)            Turns: 66687, Time: 05:38:56

Health: 245/287    AC: 41    Str: 21    XL:     27
Magic:  12/16      EV: 19    Int: 14    God:    Qazlal [******]
Gold:   6340       SH: 26    Dex: 14    Spells: 23/36 levels left

rFire    + + .     SeeInvis +   J - +9 broad axe (antimagic)
rCold    + + +     Gourm    .   y - +0 shield "Juykoxy" {rPois Dex+4 Slay+3 SInv}
rNeg     + . .     Faith    .   A - +10 plate armour {rF+}
rPois    +         Spirit   .   (helmet unavailable)
rElec    +         Reflect  +   l - +2 cloak "Susijad" {rElec rPois MP+9 Dex-5 Stlth+}
rCorr    .         Harm     .   i - +2 pair of gloves
MR       +++++                  Y - +1 pair of boots
Stlth    ..........             Z - amulet of Sisago {Reflect rN+ Int+3 Dex-3 Slay+5 SH+4}
HPRegen  0.57/turn              t - ring of protection from fire
MPRegen  0.15/turn              Q - ring of Joerr {*Corrode rPois rC+++ MR+ Stlth+}

@: protected from physical damage, wreathed by umbra, drained, repel missiles
A: fangs 1, horns 3, talons 1, repulsion field 3, demonic guardian 3, dopey 1,
foul stench 2, magic resistance 2, robust 3, rot immunity, MP-powered wands
0: Orb of Zot
}: 3/15 runes: decaying, silver, gossamer
a: Upheaval, Elemental Force, Disaster Area, Renounce Religion


You escaped.
You worshipped Qazlal.
Qazlal was exalted by your worship.
You were not hungry.

You visited 10 branches of the dungeon, and saw 50 of its levels.
You also visited: Labyrinth.

You collected 7711 gold pieces.
You spent 1371 gold pieces at shops.

Inventory:

Hand Weapons
 z - the +6 broad axe of Oenomania {flame, rElec rN+ MR+ MP-9}
   (You acquired it on level 12 of the Dungeon)

   It has been specially enchanted to burn those struck by it, causing extra
   injury to most foes and up to half again as much damage against particularly
   susceptible opponents.
   Big, fiery blades are also staple armaments of hydra-hunters.
   It insulates you from electricity.
   It protects you from negative energy.
   It affects your resistance to hostile enchantments.
   It affects your magic capacity (-9).
 J - a +9 antimagic broad axe (weapon)
   (You took it off a spriggan berserker on level 4 of the Depths)
Missiles
 F - 5 throwing nets (quivered) {!f}
Armour
 i - a +2 pair of gloves (worn)
   (You found it on level 1 of the Dungeon)
 l - the +2 cloak "Susijad" (worn) {rElec rPois MP+9 Dex-5 Stlth+}
   (You found it on level 3 of the Depths)

   It affects your dexterity (-5).
   It insulates you from electricity.
   It protects you from poison.
   It affects your magic capacity (+9).
   It makes you more stealthy.
 r - the +8 plate armour of Opniluc {rCorr Str+6}
   (You found it on level 5 of the Vaults)

   It affects your strength (+6).
   It provides partial protection from all sources of acid and corrosion.
 y - the +0 shield "Juykoxy" (worn) {rPois Dex+4 Slay+3 SInv}
   (You acquired it on level 15 of the Dungeon)

   It affects your dexterity (+4).
   It affects your accuracy and damage with ranged weapons and melee attacks
   (+3).
   It protects you from poison.
   It lets you see invisible.
 A - a +10 plate armour of fire resistance (worn)
   (You acquired it on level 15 of the Dungeon)
 M - the +2 shield of Resistance {rF+ rC+ MR+}
   (You found it on level 9 of the Dungeon)

   It protects you from fire.
   It protects you from cold.
   It affects your resistance to hostile enchantments.
 Y - a +1 pair of boots (worn)
   (You found it on level 11 of the Dungeon)
Jewellery
 g - a +4 ring of strength
   (You took it off a yellow draconian on level 5 of the Realm of Zot)
 t - a ring of protection from fire (left hand)
   (You found it on level 1 of the Swamp)
 K - the ring "Demorh Zallo" {+Inv MR+ Str+3 Int-5 SInv}
   (You took it off a yaktaur on level 12 of the Dungeon)

   [ring of protection from magic]

   It affects your strength (+3).
   It affects your intelligence (-5).
   It affects your resistance to hostile enchantments.
   It lets you see invisible.
   It lets you turn invisible.
 Q - the ring of Joerr (right hand) {*Corrode rPois rC+++ MR+ Stlth+}
   (You found it on level 3 of the Elven Halls)

   [ring of protection from magic]

   It renders you almost immune to cold.
   It protects you from poison.
   It affects your resistance to hostile enchantments.
   It may corrode you when you take damage.
   It makes you more stealthy.
 Z - the amulet of Sisago (around neck) {Reflect rN+ Int+3 Dex-3 Slay+5 SH+4}
   (You found it on level 6 of the Lair of Beasts)

   [amulet of reflection]

   It shields you and reflects attacks.
   It affects your intelligence (+3).
   It affects your dexterity (-3).
   It affects your accuracy and damage with ranged weapons and melee attacks
   (+5).
   It protects you from negative energy.
   It affects your SH (+4).
Wands
 c - a wand of disintegration (7)
   (You found it on level 3 of the Elven Halls)
 d - a wand of iceblast (13)
   (You found it on level 5 of the Vaults)
 u - a wand of paralysis (25)
   (You found it on level 4 of the Spider Nest)
 v - a wand of digging (32)
   (You found it on level 1 of the Vaults)
 x - a wand of enslavement (12)
   (You found it on level 5 of the Vaults)
Scrolls
 a - 9 scrolls of identify {@r1}
 b - 2 scrolls of blinking
 e - 17 scrolls of remove curse {@r2}
 j - 9 scrolls of magic mapping
 o - 17 scrolls of teleportation {@r4}
 D - 3 scrolls of immolation {!r}
 G - 2 scrolls of silence
 P - 2 scrolls of brand weapon
 S - 12 scrolls of fear
 T - 4 scrolls of vulnerability {!r}
 U - 2 scrolls of fog
 W - 5 scrolls of summoning
Potions
 h - 7 potions of agility
 k - 13 potions of curing {@q1}
 n - 6 potions of berserk rage
 p - 2 potions of invisibility
 w - 6 potions of lignification {!q}
 B - 11 potions of might
 C - 4 potions of ambrosia
 E - 9 potions of flight
 I - 9 potions of brilliance
 L - 8 potions of magic
 N - 5 potions of cancellation
 V - 13 potions of mutation {!q}
 X - 6 potions of heal wounds {@q2}
Miscellaneous
 f - a lamp of fire
   (You found it on level 3 of the Elven Halls)
 q - a lightning rod (4/4) {!a}
   (You found it on level 2 of the Swamp)
 s - 3 phantom mirrors
 H - 2 sacks of spiders
 R - 3 boxes of beasts
Comestibles
 O - 61 rations


   Skills:
 * Level 19.0(18.8) Fighting
 - Level 18.0(17.8) Axes
 - Level 10.0(9.8) Throwing
 * Level 18.4(18.3) Armour
 * Level 15.7(15.6) Dodging
 - Level 1.7(1.6) Stealth
 - Level 15.0(14.8) Shields
 - Level 5.0(4.8) Spellcasting
 - Level 10.1(10.0) Charms
 - Level 5.0(4.9) Necromancy
 - Level 10.0(9.8) Translocations
 - Level 26.0(25.8) Invocations
 - Level 10.0(9.8) Evocations


You had 23 spell levels left.
You knew the following spells:

 Your Spells              Type           Power        Failure   Level  Hunger
a - Infusion              Chrm           ####         2%          1    None
b - Blink                 Tloc           N/A          3%          2    ##.....
c - Apportation           Tloc           ####..       2%          1    None
e - Regeneration          Chrm/Necr      ###.......   21%         3    ###....
q - Song of Slaying       Chrm           ####....     3%          2    ##.....
s - Swiftness             Chrm/Air       ###.....     28%         2    ##.....
A - Shroud of Golubria    Chrm/Tloc      ####......   3%          2    ##.....

Your spell library contained the following spells:

 Spells                   Type           Power        Failure   Level  Hunger
 Lesser Beckoning         Tloc           ####......   8%          3    ###....
 Animate Skeleton         Necr           N/A          19%         1    None
 Pain                     Necr           ###.         19%         1    None
 Recall                   Summ/Tloc      N/A          50%         3    ###....
 Spectral Weapon          Hex/Chrm       ###.....     50%         3    ###....
 Vampiric Draining        Necr           ###.......   50%         3    ###....
 Beastly Appendage        Tmut           #.....       82%         1    None
 Confusing Touch          Hex            #.....       82%         1    None
 Corona                   Hex            #......      82%         1    None
 Magic Dart               Conj           #...         82%         1    None
 Sandblast                Erth           #.....       82%         1    None
 Shock                    Conj/Air       #...         82%         1    None
 Sting                    Conj/Pois      #...         82%         1    None
 Summon Butterflies       Summ           #.......     82%         1    None
 Summon Small Mammal      Summ           #...         82%         1    None
 Animate Dead             Necr           N/A          88%         4    ####...
 Force Lance              Conj/Tloc      ###.....     88%         4    ####...
 Call Imp                 Summ           #.......     91%         2    ##.....
 Ensorcelled Hibernation  Hex/Ice        #.....       91%         2    ##.....
 Passwall                 Tmut/Erth      #.......     91%         2    ##.....
 Poisonous Vapours        Pois/Air       #.....       91%         2    ##.....
 Searing Ray              Conj           #.....       91%         2    ##.....
 Slow                     Hex            #.......     91%         2    ##.....
 Sticks to Snakes         Tmut           #.......     91%         2    ##.....
 Call Canine Familiar     Summ           #.......     99%         3    ###....
 Confuse                  Hex            #.......     99%         3    ###....
 Conjure Flame            Conj/Fire      #.......     99%         3    ###....
 Dazzling Spray           Conj/Hex       #.....       99%         3    ###....
 Ignite Poison            Fire/Tmut/Pois #.......     99%         3    ###....
 Mephitic Cloud           Conj/Pois/Air  #.......     99%         3    ###....
 Spider Form              Tmut/Pois      #.........   99%         3    ###....
 Static Discharge         Conj/Air       #.......     99%         3    ###....
 Stone Arrow              Conj/Erth      #.....       99%         3    ###....
 Tukima's Dance           Hex            #.......     99%         3    ###....
 Iskenderun's Battlesphe  Conj/Chrm      ###.....     99%         5    ######.
 Summon Forest            Summ/Tloc      ###.......   99%         5    ######.
 Airstrike                Air            #.........   100%        4    ####...
 Cause Fear               Hex            #.........   100%        4    ####...
 Fulminant Prism          Conj/Hex       #.........   100%        4    ####...
 Iskenderun's Mystic Bla  Conj           #.......     100%        4    ####...
 Petrify                  Tmut/Erth      #.......     100%        4    ####...
 Summon Ice Beast         Ice/Summ       #.......     100%        4    ####...
 Summon Lightning Spire   Summ/Air       #.......     100%        4    ####...
 Alistair's Intoxication  Tmut/Pois      #.......     100%        5    ######.
 Aura of Abjuration       Summ           #.........   100%        5    ######.
 Bolt of Magma            Conj/Fire/Erth #.........   100%        5    ######.
 Lee's Rapid Deconstruct  Erth           #.........   100%        5    ######.
 Lightning Bolt           Conj/Air       #.........   100%        5    ######.
 Silence                  Hex/Air        #.........   100%        5    ######.
 Summon Demon             Summ           #.........   100%        5    ######.
 Summon Mana Viper        Hex/Summ       #.......     100%        5    ######.
 Venom Bolt               Conj/Pois      #.........   100%        5    ######.
 Yara's Violent Unravell  Hex/Tmut       #.........   100%        5    ######.
 Conjure Ball Lightning   Conj/Air       #.........   100%        6    #######
 Deflect Missiles         Chrm/Air       ###.......   100%        6    #######
 Freezing Cloud           Conj/Ice/Air   #.........   100%        6    #######
 Invisibility             Hex            #.......     100%        6    #######
 Iron Shot                Conj/Erth      #.........   100%        6    #######
 Shadow Creatures         Summ           N/A          100%        6    #######
 Dragon Form              Tmut           #.........   100%        7    #######
 Malign Gateway           Summ/Tloc      ###.......   100%        7    #######
 Monstrous Menagerie      Summ           #.........   100%        7    #######
 Orb of Destruction       Conj           #.........   100%        7    #######
 Ring of Flames           Chrm/Fire      ###.......   100%        7    #######
 Spellforged Servitor     Conj/Summ      #.........   100%        7    #######
 Summon Greater Demon     Summ           #.........   100%        7    #######
 Summon Hydra             Summ           #.........   100%        7    #######
 Discord                  Hex            #.........   100%        8    #######
 Summon Horrible Things   Summ           #.........   100%        8    #######
 Tornado                  Air            #.........   100%        9    #######


Dungeon Overview and Level Annotations

Branches:
Dungeon (15/15)            Temple (1/1) D:6            Lair (6/6) D:10
  Swamp (4/4) Lair:4       Spider (4/4) Lair:3        Slime (0/5) Lair:5
    Orc (2/2) D:9             Elf (3/3) Orc:2        Vaults (5/5) D:14
  Crypt (0/3) Vaults:3     Depths (5/5) D:15            Zot (5/5) Depths:5

Altars:
Ashenzari
Cheibriados
Dithmenos
Elyvilon
Fedhas
Gozag
Hepliaklqana
Kikubaaqudgha
Makhleb
Nemelex Xobeh
Okawaru
Qazlal
Ru
Sif Muna
Trog
Uskayaw
Vehumet
Wu Jian
Xom
Yredelemnul
Zin
The Shining One
Beogh
Jiyva
Lugonu

Shops:
D:10 *   Orc:2 *([=}=   Elf:2 (   Vaults:4 ?   Depths:1 *

Portals:
Hell: Depths:1 Depths:2 Depths:3 Depths:4 Depths:5
Abyss: Depths:4
Pandemonium: Depths:3 Depths:4 Depths:5
Ziggurat: Depths:5

Annotations:
Lair:4 1 runed door, Ekem's ghost, journeyman FoMo
Swamp:4 2 runed doors, schwasted's ghost, adept DsGl
Zot:5 exclusions: obsidian statue and upstairs


Innate Abilities, Weirdness & Mutations

You have a pair of large horns on your head.
You are surrounded by a strong repulsion field. (EV +4, RMsl)
A powerful demonic guardian rushes to your aid.
You frequently emit foul miasma when damaged in melee.
You are extremely robust. (+30% HP)
You are immune to rotting.
You have very sharp teeth.
You have sharp toenails.
You are dopey. (Int -2)
You are highly resistant to hostile enchantments. (MR++)
You expend magic power (3 MP) to strengthen your wands.


Message History

You partially resist.
You feel drained.
You can't see that place. [a rock wall.]
The rock shatters into small pieces.
You feel a surge of power!
An Orb Guardian comes into view.
The profane servitor completely misses you. x2
Unknown command.
A rock wall.
This square is wreathed by an umbra and is covered in magical glow.
The rock shatters into small pieces.
You feel a surge of power! You block the Orb Guardian's attack.
You block the profane servitor's attack.
The profane servitor hits you but does no damage.
The Orb Guardian hits you but does no damage.
The Orb Guardian looks sick.
You block the profane servitor's attack. x2
The Orb Guardian completely misses you.
The Orb Guardian hits you but does no damage.
The profane servitor hits you but does no damage.
You block the profane servitor's attack.
The Orb Guardian hits you!!
You feel protected from physical attacks.
You hear a chilling moan.
The profane servitor is engulfed in blazing flames.
The profane servitor is engulfed in blazing flames.
You block the profane servitor's attack.
The profane servitor hits you but does no damage.
The profane servitor is engulfed in blazing flames.
Your reaper misses the profane servitor.
The Orb Guardian is engulfed in blazing flames.
You block the profane servitor's attack. x2
Your reaper misses the profane servitor.
The profane servitor is engulfed in freezing vapours.
The profane servitor is engulfed in blazing flames.
The Orb Guardian is struck by lightning.
You block the profane servitor's attack.
The profane servitor hits you but does no damage.
Your reaper hits the profane servitor with an antimagic scythe!
The Orb Guardian is engulfed in blazing flames.
You block the profane servitor's attack. x2
The profane servitor is engulfed in blazing flames.
You block the profane servitor's attack. x2
There is a staircase leading out of the dungeon here.
You block the Orb Guardian's attack.
The profane servitor is engulfed in blazing flames.
You block the profane servitor's attack.
The profane servitor hits you but does no damage.
The Orb Guardian hits you!!
Your reaper hits the profane servitor from afar with an antimagic scythe!!
You have escaped!

#.....# #.# ##§# #.
#.....####.# #§# #.
######..........# ###§# #.
#.........##########...## #.
#.#########..........§..#####
#.# ###.......##..###§......#
#.###......###..R...§#.#.....
#.##....###§§A§2.§......###..
#.##...#....@X#######......#.
#.#...#...§.### ##......#
#.....#....## ###....#
###...#...5## ##....#
#...#.....### ###.....#
##...#......#######......#.
#....###.............###.(
##......###.......###.....
###.......#######.......#


You could see a profane servitor, an Orb Guardian, an efreet, a quasit and a
friendly reaper.

Vanquished Creatures
  6 orbs of fire
  9 ancient liches
  3 juggernauts
  A shard shrike (Zot:4)
  4 caustic shrikes
  2 curse toes
  3 Killer Klowns
  8 golden dragons
  Nikola (Swamp:3)
  A bone dragon (Depths:4)
  2 electric golems (Zot:5)
  13 tentacled monstrosities
  6 liches
  23 Orb Guardians (Zot:5)
  5 titans
  Rupert (D:14)
  A deep elf blademaster (Elf:3)
  10 quicksilver dragons
  A deep elf master archer (Elf:3)
  6 sphinxes
  3 shadow dragons
  4 death cobs
  Kirke (Swamp:2)
  13 storm dragons
  A thorn hunter (Swamp:4)
  3 draconian monks
  11 tengu reavers
  13 fire giants
  An orc warlord (Orc:2)
  9 deep elf sorcerers
  8 vault wardens
  3 draconian knights
  4 ghost moths
  15 frost giants
  A draconian scorcher (Zot:4)
  An iron dragon (Vaults:5)
  3 draconian shifters
  3 emperor scorpions
  A juggernaut zombie (Depths:2)
  A draconian stormcaller (Zot:3)
  2 spriggan defenders
  3 cacodemons (Depths:4)
  13 stone giants
  9 deep elf elementalists
  20 very ugly things
  11 ironheart preservers
  4 draconian annihilators
  7 vampire knights
  8 entropy weavers
  5 war gargoyles (Vaults:5)
  8 yellow draconians
  6 green draconians
  6 deep elf demonologists
  4 black draconians
  5 white draconians
  9 spark wasps
  9 deep elf annihilators
  6 purple draconians
  11 red draconians
  The ghost of arson the Cleaver, a journeyman FoFi of Okawaru (D:12)
  A minotaur (Lab)
  19 ettins
  A death ooze (Lair:6)
  3 jiangshi
  A merfolk impaler (Depths:1)
  An ettin (shapeshifter) (Vaults:3)
  10 fire dragons
  20 ogre magi
  3 deep elf death magi
  11 deep elf high priests
  16 yaktaur captains
  12 great orbs of eyes
  20 ice dragons
  A rakshasa (Depths:4)
  A ghost crab (Swamp:1)
  24 hydras
  29 vault guards
  The ghost of Spaceship the Cleaver, a journeyman DsBe of Trog (D:13)
  6 spriggan air magi
  A death knight (Vaults:2)
  The ghost of GreenOcha the Bludgeoner, a journeyman GrFi of Okawaru (Spider:1)
  2 shambling mangroves (Swamp:4)
  2 catoblepae
  6 centaur warriors
  12 alligators
  Erica (D:10)
  3 deep troll shamans
  29 dancing weapons
  42 two-headed ogres
  10 deep troll earth magi
  A tengu warrior (Depths:1)
  2 orc high priests
  A hell knight (Depths:4)
  A soul eater (Depths:4)
  A vampire mage (Depths:2)
  A sun demon (D:2)
  22 deep elf knights
  6 spriggan berserkers
  Nergalle (Lair:1)
  6 skeletal warriors
  A fire crab (shapeshifter) (Depths:4)
  A salamander mystic (Depths:5)
  A shadow wraith (Vaults:4)
  5 unseen horrors
  An unseen horror (shapeshifter) (Vaults:5)
  2 spriggan druids
  9 deep elf archers
  11 swamp dragons
  2 flayed ghosts
  11 wizards
  5 glowing orange brains
  A lindwurm (Lair:6)
  A swamp dragon (shapeshifter) (Depths:4)
  2 sea snakes (Lair:6)
  4 phantasmal warriors
  A lindwurm (shapeshifter) (D:13)
  34 deep trolls
  11 orc knights
  A tengu zombie (Vaults:5)
  13 ironbrand convokers
  2 harpies (shapeshifter)
  4 necromancers
  31 wolf spiders
  3 manticores
  59 deep elf magi
  5 harpies
  6 orc sorcerers
  14 orb spiders
  41 ugly things
  A tengu skeleton (Vaults:2)
  2 fauns (shapeshifter) (Depths:2)
  33 slime creatures
  A stone giant zombie (Vaults:2)
  4 cyclopes
  3 salamanders (Depths:5)
  7 elephants
  A toenail golem (D:1)
  13 vault sentinels
  18 moths of wrath
  A titan simulacrum (Vaults:5)
  A rust devil (Depths:4)
  3 black mambas
  2 ice statues (Depths:3)
  A black mamba (shapeshifter) (Vaults:1)
  4 torpor snails
  A guardian serpent (shapeshifter) (Depths:4)
  2 hellions (Depths:4)
  14 spiny frogs
  2 gargoyles
  6 large abominations (Elf:3)
  2 rime drakes (shapeshifter)
  A kobold demonologist (D:13)
  51 yaktaurs
  A smoke demon (Depths:4)
  A yaktaur (shapeshifter) (Vaults:3)
  2 efreet
  A komodo dragon (shapeshifter) (Depths:4)
  3 hellwings (Zot:5)
  5 ice devils
  11 demonic crawlers
  7 komodo dragons
  10 freezing wraiths
  A harpy zombie (D:15)
  3 rime drakes
  2 tengu conjurers
  A yaktaur skeleton (Vaults:2)
  6 trolls
  20 jumping spiders
  8 polar bears
  A meliai (shapeshifter) (Vaults:4)
  21 hornets
  A wind drake (Lair:6)
  14 blink frogs
  A blink frog (shapeshifter) (Vaults:4)
  6 tyrant leeches
  A snapping turtle (D:15)
  2 raiju (shapeshifter)
  3 bog bodies
  2 hippogriffs (shapeshifter)
  A redback (shapeshifter) (Vaults:2)
  5 hippogriffs
  6 air elementals
  79 redbacks
  6 water elementals
  A yak (shapeshifter) (Depths:2)
  5 shadows
  7 spriggans
  24 tarantellas
  A fire bat (shapeshifter) (Vaults:3)
  A human (shapeshifter) (Vaults:2)
  A wyvern (shapeshifter) (Depths:2)
  4 wyverns
  2 basilisks (shapeshifter) (Depths:2)
  7 small abominations (Elf:3)
  4 wraiths
  28 yaks
  4 hogs
  A golden eye (D:10)
  A golden eye (shapeshifter) (Depths:4)
  A human (D:14)
  A yaktaur simulacrum (Vaults:2)
  2 chaos spawn
  13 vampire mosquitoes
  2 basilisks
  A steam dragon (D:14)
  7 hungry ghosts
  3 insubstantial wisps (Swamp:2)
  13 swamp worms
  4 wargs
  17 water moccasins
  An acid dragon (D:12)
  Duvessa (D:5)
  A floating eye (Depths:3)
  2 hydra simulacra (Zot:4)
  8 porcupines
  A porcupine (shapeshifter) (Depths:4)
  15 swamp drakes
  7 ice beasts
  6 black bears
  5 sky beasts
  30 orc warriors
  5 phantoms
  2 eyes of draining
  12 boggarts
  2 hornet zombies
  3 wolves (Lair:2)
  38 ogres
  An ogre (shapeshifter) (Depths:4)
  3 centaurs
  Blork the orc (Orc:2)
  4 big kobolds
  18 crocodiles
  A human zombie (Vaults:2)
  16 bullfrogs
  2 human skeletons
  An earth elemental (Elf:2)
  Dowan (D:5)
  2 wyvern skeletons
  8 scorpions
  18 killer bees
  3 spriggan skeletons (D:13)
  2 troll skeletons (Lab)
  26 wights
  4 howler monkeys
  3 electric eels
  5 crimson imps
  A jelly (shapeshifter) (Depths:4)
  A quasit (D:11)
  4 centaur zombies
  8 jellies
  5 hounds
  3 human simulacra (Vaults:2)
  5 bullfrog skeletons
  7 centaur skeletons
  13 orc priests
  2 iguanas
  An iron imp (Depths:4)
  Terence (D:2)
  19 orc wizards
  10 worker ants
  2 hound skeletons
  4 gnolls (D:10)
  A howler monkey skeleton (D:5)
  10 adders
  2 shadow imps (Depths:4)
  2 white imps
  2 ufetubi
  An ooze (Lair:6)
  2 adder zombies
  An adder skeleton (D:5)
  4 worms
  A dart slug (D:3)
  9 leopard geckos
  71 orcs
  4 giant cockroaches
  9 goblins
  5 hobgoblins
  13 jackals
  3 quokkas
  2 ball pythons
  3 bats
  7 frilled lizards
  14 kobolds
  A quokka skeleton (D:9)
  6 rats
  3 crawling corpses (Elf:3)
  2 fungi
  4 plants
2051 creatures vanquished.

Vanquished Creatures (collateral kills)
  2 ancient liches
  2 orbs of fire (Zot:5)
  A caustic shrike (Depths:3)
  2 Killer Klowns (Zot:5)
  2 golden dragons
  A lich (Depths:3)
  3 tentacled monstrosities
  The ghost of Ginovui the Severer, an adept NaFi of Cheibriados (Depths:4)
  3 Orb Guardians (Zot:5)
  A quicksilver dragon (Zot:4)
  A titan (Vaults:5)
  2 shadow dragons
  A thorn hunter (Swamp:1)
  A draconian knight (Zot:2)
  A deep elf sorcerer (Elf:2)
  A draconian scorcher (Zot:4)
  2 frost giants (Depths:3)
  3 emperor scorpions
  A vault warden (Vaults:3)
  A deep elf elementalist (Elf:3)
  An ironheart preserver (Vaults:3)
  2 very ugly things
  A green draconian (Zot:4)
  An entropy weaver (Spider:1)
  3 stone giants
  A black draconian (Zot:4)
  A white draconian (Zot:2)
  A blizzard demon (Depths:3)
  A yellow draconian (Zot:4)
  A spark wasp (Depths:3)
  An ettin (Depths:3)
  Josephine (D:12)
  2 death oozes (Lair:6)
  2 deep elf high priests
  A fire dragon (Depths:3)
  A yaktaur captain (Vaults:5)
  3 great orbs of eyes
  4 hydras
  3 ice dragons
  A centaur warrior (Vaults:2)
  A merfolk avatar (Lair:6)
  8 two-headed ogres
  An alligator (Swamp:1)
  A satyr (Spider:4)
  A deep troll earth mage (Depths:5)
  An ogre mage (Depths:2)
  2 deep elf knights (Elf:2)
  A skeletal warrior (Vaults:2)
  A glowing orange brain (Depths:5)
  3 deep trolls
  A swamp dragon (Swamp:2)
  2 deep elf archers (Elf:1)
  2 ironbrand convokers
  A necromancer (Vaults:2)
  An orc knight (Orc:2)
  A harpy (Vaults:3)
  6 deep elf magi
  A stone giant zombie (Vaults:5)
  2 wolf spiders
  A salamander (Depths:5)
  A manticore (Lair:6)
  6 orb spiders
  4 ugly things
  2 vault sentinels
  4 spiny frogs
  A rime drake (Lair:6)
  A komodo dragon (Lair:6)
  A demonic crawler (Spider:4)
  A hellwing (Zot:5)
  A tyrant leech (Swamp:3)
  2 polar bears (Lair:6)
  6 jumping spiders
  3 hornets
  A hippogriff (Lair:5)
  6 redbacks (Spider:4)
  4 tarantellas
  A wyvern (Lair:6)
  10 yaks
  A shadow (Swamp:1)
  2 wraiths (D:12)
  A basilisk (D:15)
  3 wargs
  2 water moccasins (Lair:6)
  An orc warrior (D:7)
  4 ogres
  A black bear (D:8)
  A necrophage (D:5)
  A wolf (Lair:2)
  A boggart (D:14)
  A bullfrog (Lair:6)
  2 killer bees
  A wight (D:7)
  A howler monkey (D:4)
  A crimson imp (D:6)
  A jelly (D:7)
  A centaur skeleton (D:4)
  A hound (D:7)
  4 worker ants
  2 orc wizards
  2 orcs
  A jackal (D:6)
  A kobold (D:11)
194 creatures vanquished.

Vanquished Creatures (others)
  Saint Roka (Depths:2)
  A deep elf master archer (Elf:3)
  A sphinx (Depths:2)
  A draconian shifter (Depths:5)
  Nessos (D:12)
  A yellow draconian (Zot:4)
  A yaktaur captain (Depths:2)
  A hydra (Swamp:3)
  A centaur warrior (Depths:2)
  A deep troll earth mage (Depths:2)
  An ogre mage (Depths:2)
  A deep troll (Depths:4)
  A deep elf archer (Elf:1)
  12 yaktaurs
  A hornet (Swamp:3)
  A redback (Spider:4)
  A spriggan (Swamp:3)
  A yak (Lair:2)
  An orc warrior (Vaults:2)
  A quasit (Depths:4)
  2 orcs (Depths:2)
  A kobold (D:11)
  9 fungi
  28 plants
  3 withered plants (Zot:1)
74 creatures vanquished.

Grand Total: 2319 creatures vanquished

Notes
Turn   | Place    | Note
-------+----------+-------------------------------------------
     0 | D:1      | SFR the Demonspawn Monk began the quest for the Orb.
     0 | D:1      | Reached XP level 1. HP: 18/18 MP: 1/1
   304 | D:1      | Gained mutation: A weak demonic guardian rushes to your
                  | aid. [demonic ancestry]
   304 | D:1      | Reached XP level 2. HP: 24/24 MP: 2/2
  1129 | D:2      | Noticed Terence
  1137 | D:2      | Killed Terence
  1137 | D:2      | Gained mutation: You have a pair of small horns on your
                  | head. [demonic ancestry]
  1137 | D:2      | Reached XP level 3. HP: 29/29 MP: 3/3
  1175 | D:2      | Found a sparkling altar of Nemelex Xobeh.
  1960 | D:3      | Reached XP level 4. HP: 11/37 MP: 4/4
  2930 | D:4      | Reached XP level 5. HP: 32/42 MP: 5/5
  3035 | D:4      | Found a hide-covered altar of Uskayaw.
  3036 | D:4      | Found a deep blue altar of Sif Muna.
  3036 | D:4      | Found an iron altar of Okawaru.
  3038 | D:4      | Found a burning altar of Makhleb.
  3038 | D:4      | Found a glowing golden altar of the Shining One.
  3469 | D:4      | Reached skill level 5 in Axes
  3750 | D:5      | Entered Level 5 of the Dungeon
  3750 | D:5      | Noticed an ogre
  3764 | D:5      | Killed an ogre
  3764 | D:5      | Reached XP level 6. HP: 49/49 MP: 6/6
  3796 | D:5      | Found Laippequ's Distillery.
  3812 | D:5      | Noticed an orc warrior
  3813 | D:5      | Noticed Duvessa
  3813 | D:5      | Noticed Dowan
  3928 | D:5      | Killed Duvessa
  3933 | D:5      | Killed Dowan
  3933 | D:5      | Reached skill level 5 in Fighting
  4354 | D:5      | Reached XP level 7. HP: 53/56 MP: 7/7
  4957 | D:6      | Reached XP level 8. HP: 64/64 MP: 8/8
  5537 | D:6      | Got a shimmering ring mail
  5540 | D:6      | Identified the +2 ring mail "Bijus" {Dex+2} (You found it
                  | on level 6 of the Dungeon)
  5693 | D:6      | Found a staircase to the Ecumenical Temple.
  5814 | Temple   | Entered the Ecumenical Temple
  5866 | Temple   | Became a worshipper of Qazlal Stormbringer
  5866 | Temple   | Reached * piety under Qazlal
  5866 | Temple   | Reached ** piety under Qazlal
  6462 | D:7      | Gained mutation: You have a pair of horns on your head.
                  | [demonic ancestry]
  6462 | D:7      | Reached XP level 9. HP: 31/72 MP: 9/9
  7650 | D:8      | Reached skill level 10 in Axes
  7935 | D:8      | Reached *** piety under Qazlal
  8080 | D:8      | Reached skill level 1 in Shields
  8400 | D:8      | Found a blossoming altar of Fedhas.
  8559 | D:9      | Found a staircase to the Orcish Mines.
  8716 | D:9      | Found a basalt altar of Yredelemnul.
  8778 | D:9      | Noticed an ice dragon
  8779 | D:9      | Found a runed door.
  8779 | D:9      | Noticed an ice dragon
  8779 | D:9      | Noticed a fire dragon
  8779 | D:9      | Noticed a fire dragon
  8782 | D:9      | Found the +2 shield of Resistance {rF+ rC+ MR+}
  8810 | D:9      | Reached XP level 10. HP: 82/82 MP: 10/10
  8839 | D:9      | Found a runed door.
  9271 | D:10     | Entered Level 10 of the Dungeon
  9440 | D:10     | Reached **** piety under Qazlal
  9481 | D:10     | Killed an unseen horror
  9852 | D:10     | Noticed a manticore
  9872 | D:10     | Killed a manticore
 10190 | D:10     | Found Ablokave's General Store.
 10193 | D:10     | Noticed Sonja
 10195 | D:10     | Noticed Sonja
 10195 | D:10     | Sonja changed into Sonja the golden eye
 10204 | D:10     | Killed Sonja the golden eye
 10204 | D:10     | Gained mutation: You are immune to rotting. [demonic
                  | ancestry]
 10204 | D:10     | Reached XP level 11. HP: 90/90 MP: 11/11
 10285 | D:10     | Reached skill level 10 in Fighting
 10327 | D:10     | Noticed Erica
 10394 | D:10     | Killed Erica
 10394 | D:10     | Reached skill level 1 in Invocations
 10469 | D:10     | Found a staircase to the Lair.
 10661 | Lair:1   | Entered Level 1 of the Lair of Beasts
 10674 | Lair:1   | Noticed Nergalle
 10704 | Lair:1   | Killed Nergalle
 10704 | Lair:1   | Reached skill level 1 in Armour
 10704 | Lair:1   | Reached skill level 1 in Evocations
 10739 | Lair:1   | Reached skill level 2 in Invocations
 10994 | Lair:1   | Noticed a five-headed hydra
 11002 | Lair:1   | Killed a five-headed hydra
 11002 | Lair:1   | Reached skill level 3 in Invocations
 11708 | Lair:2   | Noticed a seven-headed hydra
 11741 | Lair:2   | Killed a seven-headed hydra
 11741 | Lair:2   | Reached skill level 4 in Invocations
 11959 | Lair:2   | Noticed a catoblepas
 11988 | Lair:2   | Reached ***** piety under Qazlal
 11994 | Lair:2   | Killed a catoblepas
 11994 | Lair:2   | Reached skill level 5 in Invocations
 12613 | Lair:3   | Reached XP level 12. HP: 81/97 MP: 16/16
 12700 | Lair:3   | Reached skill level 6 in Invocations
 12931 | Lair:3   | Reached skill level 5 in Evocations
 13037 | Lair:3   | Found a hole to the Spider Nest.
 13807 | Lair:4   | Reached skill level 1 in Throwing
 13807 | Lair:4   | Reached skill level 7 in Invocations
 13998 | Lair:4   | Noticed a seven-headed hydra
 14004 | Lair:4   | Killed a seven-headed hydra
 14036 | Lair:4   | Noticed a five-headed hydra
 14048 | Lair:4   | Killed a five-headed hydra
 14068 | Lair:4   | Reached skill level 8 in Invocations
 14234 | Lair:4   | Noticed a four-headed hydra
 14258 | Lair:4   | Killed a four-headed hydra
 14368 | Lair:4   | Found a runed door.
 14369 | Lair:4   | Noticed Ekem's ghost (journeyman FoMo)
 14463 | Lair:4   | Found a staircase to the Swamp.
 14470 | Lair:4   | Reached skill level 9 in Invocations
 15267 | Lair:5   | Reached skill level 10 in Invocations
 15269 | Lair:5   | Reached skill level 5 in Throwing
 15611 | Lair:5   | Found a staircase to the Slime Pits.
 15611 | Lair:5   | Found a viscous altar of Jiyva.
 15969 | Lair:6   | Entered Level 6 of the Lair of Beasts
 15977 | Lair:5   | Gained mutation: A demonic guardian rushes to your aid.
                  | [demonic ancestry]
 15977 | Lair:5   | Reached XP level 13. HP: 89/103 MP: 20/20
 16131 | Lair:5   | Reached skill level 11 in Invocations
 16470 | Lair:6   | Reached skill level 12 in Invocations
 16532 | Lair:6   | Paralysed by a hornet for 1 turns
 17126 | Lair:6   | Noticed a death ooze
 17127 | Lair:6   | Paralysed by a great orb of eyes for 2 turns
 17128 | Lair:6   | Noticed a death ooze
 17131 | Lair:6   | Killed a death ooze
 17134 | Lair:6   | Noticed a death ooze
 17136 | Lair:6   | Killed a death ooze
 17136 | Lair:6   | Reached skill level 13 in Invocations
 17270 | Lair:6   | Killed a death ooze
 17340 | Lair:6   | Reached ****** piety under Qazlal
 17472 | Lair:6   | Found a viscous altar of Jiyva.
 17594 | Lair:6   | Got a steaming silver amulet
 17601 | Lair:6   | Identified the amulet of Sisago {Reflect rN+ Int+3 Dex-3
                  | Slay+5 SH+4} (You found it on level 6 of the Lair of
                  | Beasts)
 18584 | D:11     | Reached skill level 14 in Invocations
 18584 | D:11     | Reached XP level 14. HP: 86/110 MP: 24/24
 18858 | D:12     | Found a labyrinth entrance.
 18879 | Lab      | Entered a labyrinth
 19300 | Lab      | Got a coiled platinum ring
 19315 | Lab      | Found the +10 dark maul {crush}
 19317 | Lab      | Identified the ring of the Moon {Fire rElec rPois rN+
                  | Slay-4} (You took it off a minotaur in a labyrinth)
 19657 | D:12     | Found a runed gate.
 19657 | D:12     | Found a runed gate.
 19657 | D:12     | Noticed arson's ghost (journeyman FoFi)
 19658 | D:12     | Found a runed gate.
 19844 | D:12     | Identified 3 scrolls of acquirement
 19847 | D:12     | Got a bound ivory ring
 19849 | D:12     | Identified the ring "Demorh Zallo" {+Inv MR+ Str+3 Int-5
                  | SInv} (You took it off a yaktaur on level 12 of the
                  | Dungeon)
 19851 | D:12     | Got a pitted broad axe
 19852 | D:12     | Identified the +6 broad axe of Oenomania {flame, rElec rN+
                  | MR+ MP-9} (You acquired it on level 12 of the Dungeon)
 19951 | D:12     | Noticed Josephine
 19962 | D:12     | Killed Josephine
 20062 | D:12     | Noticed Nessos
 20066 | D:12     | Killed Nessos
 20289 | D:13     | Found a transporter.
 20292 | D:13     | Noticed Spaceship's ghost (journeyman DsBe)
 20510 | D:13     | Found a transporter.
 21071 | D:13     | Reached skill level 15 in Invocations
 22035 | D:14     | Reached skill level 10 in Throwing
 22048 | D:14     | Found a gate to the Vaults.
 22349 | D:14     | Noticed Rupert
 22355 | D:14     | Killed Rupert
 22989 | D:15     | Entered Level 15 of the Dungeon
 23001 | D:15     | Reached skill level 16 in Invocations
 23026 | D:15     | Gained mutation: You are surrounded by a mild repulsion
                  | field. (EV +2) [demonic ancestry]
 23026 | D:15     | Reached XP level 15. HP: 36/115 MP: 18/27
 23030 | D:15     | Reached skill level 15 in Axes
 23710 | D:15     | Found an opulent altar of Gozag.
 23891 | D:15     | Found a staircase to the Depths.
 24108 | Orc:1    | Entered Level 1 of the Orcish Mines
 24246 | Orc:2    | Entered Level 2 of the Orcish Mines
 24246 | Orc:2    | Found Xuedenei's Gadget Shop.
 24347 | Orc:2    | Noticed Blork the orc
 24372 | Orc:2    | Killed Blork the orc
 24459 | Orc:2    | Noticed an orc warlord
 24485 | Orc:2    | Killed an orc warlord
 24485 | Orc:2    | Reached skill level 17 in Invocations
 24502 | Orc:2    | Found a roughly hewn altar of Beogh.
 24507 | Orc:2    | Found Faor's Jewellery Emporium.
 24525 | Orc:2    | Found Qaetathro's General Store.
 24623 | Orc:2    | Found Roonarint's Jewellery Emporium.
 24859 | Orc:2    | Found Jupufil's Antique Armour Emporium.
 24912 | Orc:2    | Found a staircase to the Elven Halls.
 24944 | Orc:2    | Found Yxzepteck's Antique Weapon Emporium.
 25686 | Swamp:1  | Entered Level 1 of the Swamp
 26140 | Swamp:1  | Noticed a thorn hunter
 26151 | Swamp:1  | Killed a thorn hunter
 26435 | Swamp:1  | Reached skill level 5 in Shields
 26981 | Swamp:2  | Noticed Kirke
 27285 | Swamp:2  | Killed Kirke
 27285 | Swamp:2  | Gained mutation: You have a pair of large horns on your
                  | head. [demonic ancestry]
 27285 | Swamp:2  | Reached XP level 16. HP: 94/122 MP: 19/28
 27289 | Swamp:2  | Reached skill level 18 in Invocations
 28336 | Swamp:3  | Noticed Nikola
 28355 | Swamp:3  | Killed Nikola
 29187 | Swamp:4  | Entered Level 4 of the Swamp
 29188 | Swamp:4  | Found a large runed door.
 29189 | Swamp:4  | Found a large runed door.
 30640 | Swamp:4  | Got a decaying rune of Zot
 30905 | Swamp:4  | Noticed a thorn hunter
 30909 | Swamp:4  | Killed a thorn hunter
 31009 | Swamp:4  | Noticed schwasted's ghost (adept DsGl)
 31137 | Swamp:4  | Reached skill level 19 in Invocations
 31523 | Spider:1 | Entered Level 1 of the Spider Nest
 31706 | Spider:1 | HP: 5/122 [emperor scorpion (15)]
 31706 | Spider:1 | HP: 2/122 [wolf spider (3)]
 31724 | Spider:1 | Gained mutation: You are surrounded by a moderate repulsion
                  | field. (EV +3) [demonic ancestry]
 31724 | Spider:1 | Reached XP level 17. HP: 22/128 MP: 8/30
 32100 | Spider:1 | Found a runed door.
 32337 | Spider:1 | Noticed GreenOcha's ghost (journeyman GrFi)
 33738 | Spider:3 | Reached skill level 10 in Evocations
 34635 | Spider:4 | Entered Level 4 of the Spider Nest
 35389 | Spider:4 | Reached skill level 10 in Shields
 37109 | Spider:4 | Got a gossamer rune of Zot
 37452 | D:13     | Gained mutation: A powerful demonic guardian rushes to your
                  | aid. [demonic ancestry]
 37452 | D:13     | Reached XP level 18. HP: 134/134 MP: 22/31
 37476 | D:13     | Killed Spaceship's ghost
 37479 | D:13     | Reached skill level 20 in Invocations
 37539 | Vaults:1 | Entered Level 1 of the Vaults
 37747 | Vaults:1 | Learned a level 2 spell: Blink
 38412 | Vaults:1 | Reached skill level 5 in Armour
 38899 | Vaults:2 | HP: 6/134 [white ugly thing (45)]
 40734 | Vaults:3 | Gained mutation: You are surrounded by a strong repulsion
                  | field. (EV +4, RMsl) [demonic ancestry]
 40734 | Vaults:3 | Reached XP level 19. HP: 117/140 MP: 24/33
 40799 | Vaults:3 | Found a staircase to the Crypt.
 41576 | Vaults:3 | Identified the +6 chain mail "Plog" {rC+ SInv} (You found
                  | it on level 3 of the Vaults)
 43089 | Vaults:4 | Found Qap Keush's Magic Scroll Boutique.
 44105 | Elf:1    | Entered Level 1 of the Elven Halls
 44374 | Elf:1    | Reached skill level 15 in Shields
 44390 | Elf:1    | Gained mutation: You are robust. (+10% HP) [demonic
                  | ancestry]
 44390 | Elf:1    | Reached XP level 20. HP: 146/167 MP: 25/34
 44409 | Elf:1    | Reached skill level 1 in Translocations
 44410 | Elf:1    | Reached skill level 1 in Spellcasting
 44564 | Elf:1    | Reached skill level 10 in Armour
 45268 | Elf:2    | Found Kexaig's Antique Weapon Shop.
 45601 | Elf:2    | Found a runed gate.
 45601 | Elf:2    | Found a runed gate.
 45601 | Elf:2    | Found a runed gate.
 46290 | Elf:3    | Entered Level 3 of the Elven Halls
 46518 | Elf:3    | Identified the ring "Azyxaqu" {Ice MP+9 Int+2 Dex+2} (You
                  | found it on level 3 of the Elven Halls)
 46669 | Elf:3    | Identified the ring of Joerr {*Corrode rPois rC+++ MR+
                  | Stlth+} (You found it on level 3 of the Elven Halls)
 46676 | Elf:3    | Identified the +3 ring mail of Bitterness {+Inv rPois
                  | Regen+ rCorr} (You found it on level 3 of the Elven Halls)
 46843 | Elf:3    | Reached skill level 5 in Translocations
 46843 | Elf:3    | Reached skill level 5 in Spellcasting
 47402 | Elf:3    | Reached XP level 21. HP: 138/178 MP: 26/35
 47467 | Elf:3    | Reached skill level 21 in Invocations
 47766 | Elf:3    | Identified the Handbook of Creative Flight
 47774 | Elf:3    | Identified the ring of Ristedo {*Corrode Dex+5 SInv} (You
                  | found it on level 3 of the Elven Halls)
 47777 | Elf:3    | Identified the +1 chain mail of Fing {rC+} (You found it on
                  | level 3 of the Elven Halls)
 47857 | Elf:3    | Identified the cursed +1 plate armour of Doekkic {Dex+4}
                  | (You found it on level 3 of the Elven Halls)
 47877 | Elf:3    | Identified the Papyrus of Lucky Shape Shifting
 47882 | Elf:3    | Identified Ani Luolude's Collected Works on Poison
 48279 | D:15     | Got a pitted shield
 48290 | D:15     | Identified the +0 shield "Juykoxy" {rPois Dex+4 Slay+3
                  | SInv} (You acquired it on level 15 of the Dungeon)
 48337 | Depths:1 | Entered Level 1 of the Depths
 48898 | Depths:1 | Found Zoeceicu's General Store.
 49238 | Depths:1 | Found a gateway to Hell.
 49468 | Depths:2 | Noticed Saint Roka
 49489 | Depths:2 | Killed Saint Roka
 49876 | Depths:2 | Noticed a caustic shrike
 49881 | Depths:2 | Killed a caustic shrike
 50094 | Depths:2 | Reached skill level 22 in Invocations
 50299 | Depths:2 | Reached skill level 5 in Dodging
 50500 | Depths:2 | Noticed an ancient lich
 50515 | Depths:2 | Killed an ancient lich
 50515 | Depths:2 | Gained mutation: You are very robust. (+20% HP) [demonic
                  | ancestry]
 50515 | Depths:2 | Reached XP level 22. HP: 133/206 MP: 28/37
 50957 | Depths:2 | Got a fine pewter amulet
 51275 | Depths:2 | Got a fine scale mail
 51481 | Depths:3 | Noticed a caustic shrike
 51481 | Depths:3 | Noticed a caustic shrike
 51484 | Depths:3 | Noticed a caustic shrike
 51484 | Depths:3 | Noticed a caustic shrike
 51488 | Depths:3 | Killed a caustic shrike
 51491 | Depths:3 | Killed a caustic shrike
 51494 | Depths:3 | Killed a caustic shrike
 51498 | Depths:3 | Killed a caustic shrike
 51502 | Depths:3 | Paralysed by a floating eye for 4 turns
 51944 | Depths:3 | Reached skill level 23 in Invocations
 52217 | Depths:3 | Found a one-way gate leading to the halls of Pandemonium.
 52281 | Depths:3 | Noticed an ancient lich
 52287 | Depths:3 | Killed an ancient lich
 52806 | Depths:3 | Got a heavily runed cloak
 52807 | Depths:3 | Identified the amulet "Opsomi" {rF- Regen+ MP+9 Dex+4} (You
                  | took it off a frost giant on level 2 of the Depths)
 52816 | Depths:3 | Learned a level 1 spell: Apportation
 52890 | Depths:3 | Noticed an ancient lich
 52900 | Depths:3 | Killed an ancient lich
 53494 | Depths:4 | Gained mutation: You may emit foul miasma when damaged in
                  | melee. [demonic ancestry]
 53494 | Depths:4 | Reached XP level 23. HP: 207/216 MP: 29/38
 53975 | Depths:4 | Identified the +2 cloak "Susijad" {rElec rPois MP+9 Dex-5
                  | Stlth+} (You found it on level 3 of the Depths)
 54123 | Depths:4 | Reached skill level 15 in Fighting
 54133 | Depths:4 | Reached skill level 24 in Invocations
 54655 | Depths:4 | Found a runed gate.
 54656 | Depths:4 | Found a runed gate.
 54657 | Depths:4 | Found a runed gate.
 54785 | Depths:4 | Found a runed door.
 54786 | Depths:4 | Noticed a juggernaut
 54786 | Depths:4 | Found a runed door.
 54790 | Depths:4 | Noticed a juggernaut
 54835 | Depths:4 | Found a corrupted altar of Lugonu.
 54837 | Depths:4 | Found a bloodstained altar of Trog.
 54837 | Depths:4 | Found a one-way gate to the infinite horrors of the Abyss.
 54845 | Depths:4 | Found a hazy altar of Hepliaklqana.
 54845 | Depths:4 | Found a shattered altar of Ashenzari.
 54847 | Depths:4 | Found a stormy altar of Qazlal.
 54847 | Depths:4 | Found a shimmering altar of Xom.
 54847 | Depths:4 | Found an opulent altar of Gozag.
 54917 | Depths:4 | Found a runed gate.
 54917 | Depths:4 | Found a runed gate.
 54923 | Depths:4 | Found a runed gate.
 54927 | Depths:4 | Noticed Ginovui's ghost (adept NaFi)
 54968 | Depths:4 | Killed Ginovui's ghost
 54986 | Depths:4 | Got a faintly glowing cloak
 54991 | Depths:4 | Identified the -7 cloak of Impressiveness {rF+ rN+} (You
                  | found it on level 4 of the Depths)
 55078 | Depths:4 | Found a runed door.
 55081 | Depths:4 | Killed a juggernaut
 55087 | Depths:4 | Killed a juggernaut
 55695 | Depths:4 | Reached skill level 10 in Translocations
 55739 | Depths:4 | Reached skill level 25 in Invocations
 55911 | Depths:4 | Identified Sif Muna's Papyrus of the Birds and
                  | Contamination
 56099 | Depths:5 | Entered Level 5 of the Depths
 56127 | Depths:5 | Noticed a juggernaut
 56134 | Depths:5 | Gained mutation: You frequently emit foul miasma when
                  | damaged in melee. [demonic ancestry]
 56134 | Depths:5 | Reached XP level 24. HP: 199/225 MP: 11/39
 56253 | Depths:5 | Killed a juggernaut
 56624 | Depths:5 | Reached skill level 10 in Dodging
 56656 | Depths:5 | Found a gate to the Realm of Zot.
 56897 | Depths:5 | Found a gateway to a ziggurat.
 57544 | D:15     | Got a faintly glowing robe
 57659 | D:10     | Bought a scroll of enchant armour for 120 gold pieces
 57661 | D:10     | Identified the +0 robe of Peptigre {rF- Regen+ Str+8 Int-5}
                  | (You acquired it on level 15 of the Dungeon)
 57936 | Vaults:4 | Bought a scroll of enchant weapon for 120 gold pieces
 57937 | Vaults:4 | Bought a scroll of enchant weapon for 120 gold pieces
 57968 | Vaults:5 | Entered Level 5 of the Vaults
 57970 | Vaults:5 | Reached skill level 26 in Invocations
 57979 | Vaults:5 | Noticed an ancient lich
 57989 | Vaults:5 | Reached skill level 15 in Armour
 57990 | Vaults:5 | Killed an ancient lich
 58428 | Vaults:5 | Reached XP level 25. HP: 222/235 MP: 34/40
 58708 | Vaults:5 | Noticed an ancient lich
 58719 | Vaults:5 | Killed an ancient lich
 58749 | Vaults:5 | Got a sparkling steel amulet
 58980 | Vaults:5 | Identified the amulet "Zeloyn" {Gourm Dex+2} (You took it
                  | off a vault warden on level 5 of the Vaults)
 58992 | Vaults:5 | Learned a level 1 spell: Infusion
 58995 | Vaults:5 | Learned a level 2 spell: Song of Slaying
 58998 | Vaults:5 | Learned a level 2 spell: Swiftness
 59002 | Vaults:5 | Learned a level 3 spell: Regeneration
 59137 | Vaults:5 | Got a heavily runed chain mail
 59156 | Vaults:5 | Got a silver rune of Zot
 59191 | Vaults:5 | Reached skill level 1 in Charms
 59370 | Vaults:5 | Got a shimmering scale mail
 59401 | Vaults:5 | Got a twisted scale mail
 59469 | Vaults:5 | Got a dazzling plate armour
 59470 | Vaults:5 | Identified the +8 plate armour of Opniluc {rCorr Str+6}
                  | (You found it on level 5 of the Vaults)
 59550 | Vaults:5 | Noticed an ancient lich
 59555 | Vaults:5 | Killed an ancient lich
 60407 | Depths:1 | Bought a throwing net for 63 gold pieces
 60407 | Depths:1 | Bought a potion of heal wounds for 105 gold pieces
 60620 | Orc:2    | Bought a scroll of fear for 45 gold pieces
 60620 | Orc:2    | Bought a potion of agility for 52 gold pieces
 60761 | D:12     | Killed arson's ghost
 61001 | Spider:1 | Killed GreenOcha's ghost
 61407 | Vaults:4 | Bought a scroll of fog for 32 gold pieces
 61407 | Vaults:4 | Bought a scroll of magic mapping for 56 gold pieces
 61407 | Vaults:4 | Bought a scroll of immolation for 56 gold pieces
 61752 | D:5      | Bought a potion of mutation for 112 gold pieces
 61752 | D:5      | Bought a potion of brilliance for 56 gold pieces
 61752 | D:5      | Bought a potion of brilliance for 56 gold pieces
 61752 | D:5      | Bought a potion of berserk rage for 70 gold pieces
 61752 | D:5      | Bought a potion of brilliance for 56 gold pieces
 61752 | D:5      | Bought a potion of mutation for 112 gold pieces
 61752 | D:5      | Bought a potion of haste for 140 gold pieces
 62539 | Zot:1    | Entered Level 1 of the Realm of Zot
 62847 | Zot:1    | Got a steaming shield
 62848 | Zot:1    | Identified the +0 shield of the Stallion {Dex+4} (You
                  | acquired it on level 1 of the Realm of Zot)
 62902 | Zot:1    | Noticed an orb of fire
 62918 | Zot:1    | Killed an orb of fire
 62918 | Zot:1    | Reached skill level 5 in Charms
 63335 | Zot:3    | Gained mutation: You are extremely robust. (+30% HP)
                  | [demonic ancestry]
 63335 | Zot:3    | Reached XP level 26. HP: 191/269 MP: 1/40
 64083 | Zot:5    | Entered Level 5 of the Realm of Zot
 64400 | Zot:5    | Noticed an ancient lich
 64415 | Zot:5    | Killed an ancient lich
 64591 | Zot:5    | Noticed an ancient lich
 64606 | Zot:5    | Killed an ancient lich
 64606 | Zot:5    | Reached skill level 10 in Charms
 64793 | Zot:5    | Noticed an ancient lich
 64804 | Zot:5    | Killed an ancient lich
 64874 | Zot:5    | Noticed an ancient lich
 64883 | Zot:5    | Killed an ancient lich
 64992 | Zot:5    | Noticed an ancient lich
 64994 | Zot:5    | Paralysed by an ancient lich for 4 turns
 65002 | Zot:5    | Killed an ancient lich
 65025 | Zot:5    | Noticed an orb of fire
 65033 | Zot:5    | Gained mutation: You are occasionally teleported next to
                  | monsters. [an orb of fire]
 65040 | Zot:5    | Gained mutation: Scrolls take you a little longer to read.
                  | [an orb of fire]
 65041 | Zot:5    | Killed an orb of fire
 65042 | Zot:5    | Lost mutation: Scrolls take you a little longer to read.
                  | [potion of mutation]
 65042 | Zot:5    | Lost mutation: You are occasionally teleported next to
                  | monsters. [potion of mutation]
 65042 | Zot:5    | Gained mutation: You have very sharp teeth. [potion of
                  | mutation]
 65042 | Zot:5    | Gained mutation: You tend to lose your temper in combat.
                  | [potion of mutation]
 65042 | Zot:5    | Gained mutation: You have sharp toenails. [potion of
                  | mutation]
 65154 | Zot:5    | Noticed an orb of fire
 65172 | Zot:5    | Killed an orb of fire
 65407 | Zot:5    | Reached skill level 5 in Necromancy
 65407 | Zot:5    | Reached XP level 27. HP: 281/282 MP: 11/40
 65454 | Zot:5    | Noticed an orb of fire
 65456 | Zot:5    | Gained mutation: You are weak. (Str -2) [an orb of fire]
 65469 | Zot:5    | Killed an orb of fire
 65477 | Zot:5    | Reached skill level 15 in Dodging
 65510 | Zot:5    | Noticed an orb of fire
 65538 | Zot:5    | Killed an orb of fire
 65559 | Zot:5    | Noticed an orb of fire
 65578 | Zot:5    | Killed an orb of fire
 65677 | Zot:5    | Learned a level 2 spell: Shroud of Golubria
 65719 | Zot:5    | Noticed an orb of fire
 65719 | Zot:5    | Gained mutation: You are very weak. (Str -4) [an orb of
                  | fire]
 65726 | Zot:5    | Gained mutation: You have razor-sharp toenails. [an orb of
                  | fire]
 65730 | Zot:5    | Killed an orb of fire
 65730 | Zot:5    | Noticed an orb of fire
 65741 | Zot:5    | Killed an orb of fire
 65746 | Zot:5    | Lost mutation: You have razor-sharp toenails. [potion of
                  | mutation]
 65746 | Zot:5    | Lost mutation: You are very weak. (Str -4) [potion of
                  | mutation]
 65746 | Zot:5    | Gained mutation: You are occasionally teleported next to
                  | monsters. [potion of mutation]
 65746 | Zot:5    | Gained mutation: You can translocate small distances at
                  | will. [potion of mutation]
 65746 | Zot:5    | Lost mutation: You are weak. (Str -2) [potion of mutation]
 65746 | Zot:5    | Gained mutation: You are resistant to hostile enchantments.
                  | (MR+) [potion of mutation]
 65747 | Zot:5    | Lost mutation: You tend to lose your temper in combat.
                  | [potion of mutation]
 65747 | Zot:5    | Lost mutation: You are occasionally teleported next to
                  | monsters. [potion of mutation]
 65747 | Zot:5    | Lost mutation: You can translocate small distances at will.
                  | [potion of mutation]
 65747 | Zot:5    | Gained mutation: You are highly resistant to hostile
                  | enchantments. (MR++) [potion of mutation]
 65747 | Zot:5    | Gained mutation: You are dopey. (Int -2) [potion of
                  | mutation]
 65747 | Zot:5    | Gained mutation: You expend magic power (3 MP) to
                  | strengthen your wands. [potion of mutation]
 66026 | Zot:5    | Got the Orb of Zot
 66095 | Zot:5    | Noticed Ohehe the pandemonium lord
 66103 | Zot:5    | Paralysed by a floating eye for 3 turns
 66475 | D:6      | Noticed Xeaxtif the pandemonium lord
 66687 | D:$      | Escaped with the Orb!

Vault maps used:
D:1:      dpeg_arrival_oval
D:2:      nemelex_xobeh_ov_fountains_minmay, uniq_terence
D:3:      first_ration
D:4:      grunt_temple_overflow_open, kennysheep_windowed_goal
D:5:      kennysheep_big_flooded_room, serial_shops, kennysheep_little_box,
          uniq_duvessa
D:6:      minmay_temple_entry_fiery
D:7:      minmay_cornered_nines, roderic_roman_lattice
D:8:      fedhas_bush_and_centaur_altar
D:9:      lemuel_crystal_altar, orc_0_dummy, blue_anna_alchemist,
          minmay_misc_feat_square, minmay_guarded_unrand_resistance
D:10:     david_lair_shrubbed, serial_shops, nicolae_shop_statue_plus,
          small_statue_alley_a, uniq_sonja, uniq_erica
D:12:     serial_corexii_hall, corexii_hall_statues_l, corexii_hall_statues_u,
          lab_entry_generic, gammafunk_ghost_split, minmay_diamond_spiral,
          uniq_josephine, uniq_nessos
D:13:     gammafunk_ghost_arena, grunt_ministairs_5, stair_cage_line,
          hangedman_decor_riveting, hangedman_tell_no_tales
D:14:     grunt_vaults_entry_fortified, uniq_rupert
D:15:     hangedman_depths_entry_civil_slaughter, minmay_misc_feat_tower,
          minivault_23, nicolae_gozag_seed_capital
Temple:   jpeg_temple_clearing
Lair:1:   st_stairs_7, serial_bayou_ford_a, uniq_nergalle
Lair:3:   beast_lair_carwin_large_1, nicolae_spider_entry_non_spiders,
          wad_woods_03
Lair:4:   nicolae_swamp_entry_splash_gauntlet, ebering_ghost_funeral_grove,
          st_stairs_10
Lair:5:   slime_altar_1
Lair:6:   gammafunk_lair_ancient_temple, special_room
Swamp:1:  evilmike_swamp_ruin_house_6
Swamp:2:  infiniplex_staircase_pool_2, swamp_pool1, uniq_kirke
Swamp:3:  evilmike_swamp_ruin_house_5, swamp_pool5, infiniplex_staircase_pool,
          uniq_nikola
Swamp:4:  swamp, ebering_ghost_disaster_area, swamp_pool2
Spider:1: ebering_ghost_reflecting_pool, spider_trap
Spider:4: spider_rune_water
Orc:2:    grunt_orc_cross, serial_shops, shop_fountains, shop
Elf:1:    eino_elf_arrival_customs
Elf:2:    serial_shops, nicolae_shop_overgrown_old_shop, grunt_ministairs_15
Elf:3:    minmay_elf_hall_hex, eino_tiny_chamber, laboratory
Vaults:1: vaults_mumra_hexcomb, nicolae_vaults_ring_of_whatevers,
          vaults_standard_mumra_enter_the_diamond, grunt_vaults_funnel,
          ontoclasm_vaults_twist, nicolae_vaults_stairing_the_circle,
          ontoclasm_vaults_idyll, vaults_mumra_chevron,
          ontoclasm_vaults_ring_square, ontoclasm_vaults_chip,
          nicolae_vaults_little_squares_4, nicolae_vaults_theta,
          vaults_dpeg_diagonal, ontoclasm_vaults_pinch, dpeg_vaults_monster_box,
          ontoclasm_vaults_decontamination
Vaults:2: vaults_standard_mumra_enter_the_diamond, hangedman_vaults_stagger,
          vaults_room_door_ring, hangedman_vaults_corner_blocks,
          nicolae_vaults_little_ls, ontoclasm_vaults_fault
Vaults:3: minmay_crypt_entry_simple_sparse, nicolae_vaults_border_crossing,
          nicolae_vaults_diagonal_hallway_9, nicolae_vaults_shelves_hall,
          vaults_standard_mumra_x, vaults_room_large_hall, vaults_dpeg_ring,
          hangedman_vaults_snaps, vaults_dpeg_spiral, v_misc_2, v_misc_18,
          nicolae_vaults_little_squares_2, v_misc_28,
          nicolae_vaults_bisected_slash
Vaults:4: v_alt_pattern_3, serial_ice_h, v_pattern_5, v_misc_25,
          vaults_mumra_chevron_long, vaults_room_stairs_pillars, serial_shops,
          nicolae_shop_crystal
Depths:1: serial_bayou, serial_bayou_pond_c, serial_bayou_lagoon_a,
          serial_bayou_shore_b, serial_bayou_pond_e, hell_entry, serial_shops,
          shop, minmay_checkered_concentric_circles, serial_bayou_shore_b
Depths:2: hangedman_pleasuredromes, hell_entry, uniq_saint_roka
Depths:3: cheibrodos_cascadia, hell_entry, pan_entry, kennysheep_crisscross,
          serial_sigils_hangedman_stare, nzn_random_ring,
          infiniplex_staircase_zigzag_5
Depths:4: minmay_the_grid_triangle_9x9_rhombus_full,
          ploomutoo_gammafunk_ghost_potion_laboratory, abyss_entry_flame_altar,
          serial_sigils_hangedman_shear, pf_hell_entry_great_geh,
          grunt_pan_entry_in_and_out, doesnt_xom_only_xom
Depths:5: grunt_crosshair, enter_ziggurat_f, pan_entry, hell_entry,
          serial_sigils, serial_sigils_hangedman_gut,
          serial_sigils_hangedman_carve, serial_sigils_hangedman_gnaw,
          serial_sigils_hangedman_gut, serial_sigils_hangedman_scar
Zot:1:    gammafunk_ghost_cemetery
Zot:4:    hangedman_elemental_grid_stream
Lab:      labyrinth_mini_lab, nicolae_lab_lava, labyrinth_skeletal_remains,
          nicolae_lab_t_cross, nicolae_lab_plus

Skill      XL: |  1  2  3  4  5  6  7  8  9 10 11 12 13 14 15 16 17 18 19 20 21 22 23 24 25 26 27 |
---------------+----------------------------------------------------------------------------------+-----
Axes           | 3 4 5 6 7 9 10 12 13 14 15 16 17 18 | 18.0
Fighting       | 4 5 6 7 8 9 10 11 13 14 15 16 18 19 | 19.0
Shields        | 2 4 5 8 10 13 15 | 15.0
Invocations    | 5 10 14 16 17 19 20 22 23 25 26 | 26.0
Armour         | 3 7 9 11 12 13 14 15 16 17 18 | 18.4
Evocations     | 4 5 6 8 9 10 | 10.0
Throwing       | 5 9 10 | 10.0
Translocations | 5 6 8 10 | 10.0
Spellcasting   | 5 |  5.0
Dodging        | 5 7 9 12 13 14 15 | 15.7
Charms         | 7 10 | 10.1
Necromancy     | 5 |  5.0
Stealth        | |  1.7

Action                   |  1- 3 |  4- 6 |  7- 9 | 10-12 | 13-15 | 16-18 | 19-21 | 22-24 | 25-27 || total
-------------------------+-------+-------+-------+-------+-------+-------+-------+-------+-------++-------
Melee: Hand axe          |   116 |   101 |   378 |   716 |   486 |       |       |       |       ||  1797
       Headbutt          |     8 |    24 |    69 |   190 |   253 |   231 |   260 |   265 |   270 ||  1570
       Mace              |       |       |       |    30 |     2 |       |       |       |       ||    32
       Broad axe         |       |       |       |       |   558 |   973 |  1098 |   775 |   982 ||  4386
       Bite              |       |       |       |       |       |       |       |       |    52 ||    52
 Fire: Blowgun           |       |       |     4 |     2 |     4 |    12 |     5 |       |       ||    27
Throw: Stone             |       |       |     6 |       |       |       |       |       |       ||     6
       Javelin           |       |       |     5 |     2 |       |     1 |       |       |       ||     8
       Tomahawk          |       |       |     2 |       |       |    10 |       |       |       ||    12
 Cast: Song of Slaying   |       |       |       |       |       |       |       |       |    20 ||    20
       Infusion          |       |       |       |       |       |       |       |       |    13 ||    13
       Regeneration      |       |       |       |       |       |       |       |       |    13 ||    13
       Blink             |       |       |       |       |       |       |       |       |     2 ||     2
       Shroud of Golubri |       |       |       |       |       |       |       |       |     4 ||     4
Invok: Upheaval          |       |       |       |     2 |     4 |       |       |       |       ||     6
       Disaster Area     |       |       |       |       |     3 |     6 |     7 |     9 |     1 ||    26
 Abil: Evoke Invisibilit |       |       |       |       |       |       |     5 |     8 |     1 ||    14
Evoke: Wand              |       |       |     4 |    25 |    29 |    57 |       |     2 |    22 ||   139
       Lightning rod     |       |       |       |       |       |     3 |       |     2 |       ||     5
       Lamp of fire      |       |       |       |       |       |       |       |     1 |       ||     1
       Sack of spiders   |       |       |       |       |       |       |       |     3 |     1 ||     4
       Box of beasts     |       |       |       |       |       |       |       |     1 |       ||     1
  Use: Scroll            |       |    13 |     5 |     9 |    16 |     5 |    26 |    21 |    16 ||   111
       Potion            |       |     1 |     4 |     2 |     5 |    11 |     4 |       |    17 ||    44
 Stab: Sleeping          |    10 |     1 |     2 |       |       |       |       |       |       ||    13
       Distracted        |     1 |     2 |     5 |     5 |     6 |     7 |     3 |     4 |     6 ||    39
       Petrified         |       |       |       |     8 |     2 |       |       |       |       ||    10
       Petrifying        |       |       |       |     2 |       |       |       |       |       ||     2
       Paralysed         |       |       |       |       |       |     1 |       |       |       ||     1
       Held in net/web   |       |       |       |       |       |     1 |       |       |       ||     1
       Invisible         |       |       |       |       |       |       |    17 |    28 |     3 ||    48
  Eat: Chunk             |     3 |     8 |    19 |    17 |    24 |    26 |    24 |    20 |    12 ||   153
       Ration            |       |       |       |     2 |     4 |     5 |     3 |     3 |     5 ||    22
Armor: Robe              |    21 |       |       |       |       |       |       |       |       ||    21
       Leather armour    |    12 |    20 |    20 |       |       |       |       |       |       ||    52
       Ring mail         |       |       |    84 |   157 |   143 |       |       |       |       ||   384
       Skin              |       |       |     4 |       |       |       |       |       |    18 ||    22
       Fire dragon scale |       |       |       |       |    44 |   256 |    68 |       |       ||   368
       Plate armour      |       |       |       |       |       |       |    89 |   193 |   247 ||   529
Dodge: Dodged            |    75 |    66 |   201 |   236 |   231 |   317 |   165 |   177 |   271 ||  1739
       Deflected         |       |       |       |     3 |    15 |     9 |    31 |    14 |    26 ||    98
Block: Other             |       |       |    27 |    23 |       |       |       |       |       ||    50
       Buckler           |       |       |       |   230 |   653 |   798 |   223 |       |       ||  1904
       Reflection        |       |       |       |       |    31 |    22 |   117 |    68 |    16 ||   254
       Shield            |       |       |       |       |       |       |   641 |   640 |   842 ||  2123

Table legend:
 A = Non-vault XP
 B = Vault XP
 C = Vault XP percentage of total XP
 D = Non-vault monster count
 E = Vault monster count
 F = Vault count percentage of total count
                 A         B        C        D         E       F
            +---------+---------+-------+---------+---------+-------
      Total |  740779 |  861460 |  53.8 |    1465 |     789 |  35.0
            +---------+---------+-------+---------+---------+-------
        D:1 |      35 |       0 |   0.0 |      24 |       0 |   0.0
        D:2 |      22 |      28 |  56.0 |      10 |       1 |   9.1
        D:3 |      67 |       0 |   0.0 |      25 |       0 |   0.0
        D:4 |     175 |       0 |   0.0 |       9 |       0 |   0.0
        D:5 |     331 |     317 |  48.9 |      21 |       4 |  16.0
        D:6 |     934 |      13 |   1.4 |      22 |       1 |   4.3
        D:7 |    1535 |     243 |  13.7 |      29 |       3 |   9.4
        D:8 |    1363 |     108 |   7.3 |      24 |       1 |   4.0
        D:9 |     815 |    3929 |  82.8 |      12 |       5 |  29.4
       D:10 |    4638 |    1314 |  22.1 |      46 |       3 |   6.1
       D:11 |    5619 |       0 |   0.0 |      42 |       0 |   0.0
       D:12 |    2968 |    9510 |  76.2 |      30 |      16 |  34.8
       D:13 |    6391 |    4881 |  43.3 |      22 |      18 |  45.0
       D:14 |    6642 |    8256 |  55.4 |      22 |      11 |  33.3
       D:15 |    9015 |    5250 |  36.8 |      23 |       6 |  20.7
     Lair:1 |    2927 |     980 |  25.1 |      14 |       3 |  17.6
     Lair:2 |    5378 |       0 |   0.0 |      21 |       0 |   0.0
     Lair:3 |    2817 |    2072 |  42.4 |      15 |      17 |  53.1
     Lair:4 |    6516 |     955 |  12.8 |      21 |       4 |  16.0
     Lair:5 |    8020 |       0 |   0.0 |      32 |       0 |   0.0
     Lair:6 |    5610 |   12634 |  69.3 |      25 |      38 |  60.3
    Swamp:1 |   17196 |     192 |   1.1 |      35 |       1 |   2.8
    Swamp:2 |    8396 |    2144 |  20.3 |      27 |       4 |  12.9
    Swamp:3 |    7887 |    3560 |  31.1 |      21 |       4 |  16.0
    Swamp:4 |   12437 |   18778 |  60.2 |      22 |      29 |  56.9
   Spider:1 |   19999 |     940 |   4.5 |      54 |       1 |   1.8
   Spider:2 |    5067 |       0 |   0.0 |      11 |       0 |   0.0
   Spider:3 |   17272 |       0 |   0.0 |      51 |       0 |   0.0
   Spider:4 |   23708 |   21544 |  47.6 |      68 |      42 |  38.2
      Orc:1 |    4865 |       0 |   0.0 |      27 |       0 |   0.0
      Orc:2 |    2744 |    7299 |  72.7 |      28 |      33 |  54.1
      Elf:1 |   28493 |    2928 |   9.3 |      49 |       5 |   9.3
      Elf:2 |   16613 |   22204 |  57.2 |      26 |      28 |  51.9
      Elf:3 |   19309 |   55175 |  74.1 |      31 |      51 |  62.2
   Vaults:1 |   25391 |   10978 |  30.2 |      43 |      21 |  32.8
   Vaults:2 |   40099 |    3704 |   8.5 |      68 |       7 |   9.3
   Vaults:3 |   40649 |   14687 |  26.5 |      70 |      19 |  21.3
   Vaults:4 |   22137 |    6277 |  22.1 |      40 |      10 |  20.0
   Vaults:5 |   24592 |  159730 |  86.7 |      36 |     101 |  73.7
   Depths:1 |   30542 |   13486 |  30.6 |      33 |      11 |  25.0
   Depths:2 |    2278 |   99805 |  97.8 |       9 |     105 |  92.1
   Depths:3 |   23662 |   54284 |  69.6 |      17 |      40 |  70.2
   Depths:4 |   51395 |  102227 |  66.5 |      57 |      76 |  57.1
   Depths:5 |   48718 |   21017 |  30.1 |      55 |      14 |  20.3
      Zot:1 |   38092 |       0 |   0.0 |      22 |       0 |   0.0
      Zot:2 |   27874 |       0 |   0.0 |      19 |       0 |   0.0
      Zot:3 |   43893 |       0 |   0.0 |      23 |       0 |   0.0
      Zot:4 |   32400 |   13710 |  29.7 |      19 |       9 |  32.1
      Zot:5 |   33253 |  175172 |  84.0 |      15 |      42 |  73.7
        Lab |       0 |    1129 | 100.0 |       0 |       5 | 100.0
            +---------+---------+-------+---------+---------+-------
